 Dungeon Crawl Stone Soup version 0.28.0-43-g3370ac3207 (webtiles) character file.

Game seed: 17595281055717405919

4 bobregger the Shield-Bearer (level 1, 0/14 HPs)
             Began as a Gargoyle Fighter on Feb 9, 2022.
             Slain by a kobold
             ... wielding a +0 dagger
              (1 damage)
             ... on level 1 of the Dungeon on Apr 2, 2022.
             The game lasted 00:00:55 (138 turns).

bobregger the Shield-Bearer (Gargoyle Fighter)       Turns: 138, Time: 00:00:55

Health: 0/14       AC:  2    Str: 19    XL:     1   Next: 60%
Magic:  1/1        EV: 11    Int:  8    God:
Gold:   0          SH:  0    Dex:  9    Spells: 0/0 levels left

rFire   . . .      SeeInvis .   (no weapon)
rCold   . . .      Faith    .   (no shield)
rNeg    + . .      Spirit   .   (no armour)
rPois   ∞          Reflect  .   (no helmet)
rElec   +          Harm     .   (no cloak)
rCorr   .          Rampage  .   (no gloves)
Will    .....                   (no boots)
Stlth   +.........              (no amulet)
HPRegen 0.04/turn               (no ring)
MPRegen 0.07/turn               (no ring)

@: no status effects
A: sickness immunity, AC +2, negative energy resistance 1, electricity
resistance, torment resistance 1, petrification resistance
a: no special abilities


You were on level 1 of the Dungeon.
You visited 1 branch of the dungeon, and saw 1 of its levels.

Inventory:

Potions
 d - 2 potions of might


   Skills:
 + Level 3.4 Fighting
 * Level 2.0 Maces & Flails
 + Level 3.3 Armour
 * Level 3.4 Shields


You couldn't memorise any spells.
You didn't know any spells.
Your spell library was empty.

Dungeon Overview and Level Annotations

Branches:
Dungeon (1/15)

Altars:


Innate Abilities, Weirdness & Mutations

You are immune to sickness and miasma.
Your stone body is resilient. (AC +2)
You are immune to poison.
You resist negative energy. (rN+)
You are resistant to electric shocks. (rElec)
You are resistant to unholy torment.
You are immune to petrification.


Message History

You drop a +0 scale mail.
You start removing your armour.
You continue taking off your +0 buckler. x4
You finish taking off your +0 buckler.
You drop a +0 buckler.
A ball python, a kobold and a goblin come into view.
Found a lumpy lapis lazuli amulet.
The ball python hisses angrily.
The ball python moves out of view.
Found a scroll labelled CUKHIK OGH.
Found a leather armour.
The goblin hits you but does no damage.
A giant cockroach comes into view.
Found a stone staircase leading down.
The ball python closely misses you. x2
The goblin closely misses you. The ball python barely misses you.
The ball python grabs you. The ball python constricts you.
You hit the goblin.
The goblin is severely wounded.
The ball python bites you but does no damage.
The ball python constricts you. The goblin hits you with a +0 dagger.
You hit the goblin but do no damage.
The goblin is severely wounded.
The kobold hits you but does no damage. The ball python closely misses you.
The ball python constricts you. The goblin hits you with a +0 dagger.
You completely miss the goblin.
The goblin is severely wounded.
The kobold hits you with a +0 dagger.
The ball python bites you but does no damage.
The ball python constricts you.
* * * LOW HITPOINT WARNING * * *
The goblin hits you with a +0 dagger.
* * * LOW HITPOINT WARNING * * *
You hit the goblin.
You kill the goblin!
The kobold hits you with a +0 dagger.
* * * LOW HITPOINT WARNING * * *
The ball python closely misses you. The ball python constricts you.
You escape the ball python's grasp.
A goblin comes into view. It is wielding a +0 club.
The kobold hits you with a +0 dagger.
You die...

..... .. ..... ..g
###.... >... ##.."..#
....## #...# .## ...
....###..###..###.#
#..#.....[...#..#
#####K..#..........#
#....B@S.........#.#
..................#.###.
.#................#.....
..?...............#..###
.[......................
.#......................
...##...#############...
.## #...#⌠⌠.#. .....#...
#.. #.. +.#.....#...


You could see a giant cockroach, a goblin (asleep), a ball python and a kobold.

Vanquished Creatures
  A goblin (D:1)
  A quokka (D:1)
  A ball python (D:1)
  A rat (D:1)
4 creatures vanquished.

Notes
Turn   | Place    | Note
-------+----------+-------------------------------------------
     0 | D:1      | bobregger the Gargoyle Fighter began the quest for the Orb.
     0 | D:1      | Reached XP level 1. HP: 14/14 MP: 1/1
    21 | D:1      | Upgraded the game from 0.28.0 to 0.28.0-43-g3370ac3207
   138 | D:1      | Slain by a kobold

Illustrated notes

Levels and vault maps discovered:
D:1:      evilmike_arrival_home_sweet_home, layout_rooms,
          shapermc_ecumenical_altar_mp_ritualfount, minivault_23,
          minmay_quantized

Action                   || total
-------------------------++-------
Melee: Flail             ||    18
       Unarmed           ||     4
Armor: Scale mail        ||    13
       Skin              ||     4
Dodge: Dodged            ||    19
Block: Buckler           ||     2
